AoeStats
← Smiley

Arabia

509110126Analyzed
1v1 RM · 6d ago on Sep 25, 2026· 41m 5s· 2 players
Game mode
Random Map
Map size
Tiny (2 player)
Population
200
Speed
Normal
Resources
Standard
Victory
Conquest
Starting age
Dark Age
Ending age
Imperial Age
RankedLock teamsTeams togetherTeam positionsShared explorationLock speedFull tech treeHidden civsTurbo modeCheats
Victory
Defeat
🇳🇿 Japanese · New Zealand
933
+17
🇷🇸 Hindustanis · Serbia
953
-17
simplegsb
6:27 Loom
9:42 Feudal Age
9:48 Man-at-Arms
14:14 Double-Bit Axe
19:35 Castle Age
18:18 Horse Collar
19:25 Scale Barding Armor
19:30 Forging
19:23 Scale Mail Armor
19:35 Forging
21:45 Wheelbarrow
22:31 Bow Saw
23:39 Chain Mail Armor
26:15 Iron Casting
27:05 Hand Cart
28:16 Heavy Plow
29:08 Pikeman
33:49 Squires
39:07 Stone Mining
39:07 Gold Mining
39:53 Ballistics
41:27 Murder Holes
Smiley
0:35 Loom
10:19 Feudal Age
12:11 Double-Bit Axe
15:06 Wheelbarrow
15:16 Stone Mining
16:04 Horse Collar
20:17 Castle Age
19:16 Gold Mining
19:34 Scale Barding Armor
23:30 Bloodlines
24:21 Husbandry
27:08 Heavy Plow
31:03 Chain Barding Armor
30:54 Forging
34:48 Fletching
35:54 Gold Shaft Mining
36:05 Bodkin Arrow
39:12 Iron Casting
38:49 Padded Archer Armor
Connection lost

Rejoining the realm…

Still unreachable

The connection could not be restored.

Session expired

The server has moved on; the page needs a fresh start.